Map: Golden Wall LE

Players

Denver - Winner!

  • Race: Zerg Zerg
  • Spawn Location: 7:00

soO

  • Race: Zerg Zerg
  • Spawn Location: 5:00

Event: StayAtHomestory Cup #2

VOD

Have the link to the VOD?

Description

Time

  • Played on: June 11, 2020, 7:52 a.m.
  • Length: 15:08

All games in this series

Show
View Real Time Build Order
Export as new Build Order

Denver Zerg - Winner!

Build Orders: Hatch First 

Get SALT Encoding   

  12  0:00  Drone  
  13  0:13  Overlord  
  13  0:18  Drone  
  14  0:32  Drone x2  
  16  0:49  Hatchery  
  15  0:53  Drone  
  15  0:56  Drone  
  17  1:00  Drone  
  18  1:10  Extractor  
  17  1:15  Spawning Pool  
  16  1:19  Drone  
  16  1:22  Drone  
  18  1:29  Drone  
  19  1:41  Drone  
  20  1:50  Drone  
  21  2:00  Drone  
  22  2:02  Queen x2, Overlord  
  26  2:11  Metabolic Boost  
  26  2:13  Zergling x2  
  27  2:15  Zergling x2  
  28  2:26  Zergling x4  
  30  2:34  Zergling x4  
  32  2:46  Zergling x2  
  27  3:06  Zergling x4  
  27  3:26  Zergling x4  
  27  3:33  Zergling x2  
  28  3:37  Zergling x2  
  28  3:38  Zergling x2  
  30  3:46  Drone, Baneling Nest  
  30  3:50  Zergling x2  
  30  3:53  Zergling x2  
  32  3:58  Zergling x4  
  34  4:04  Overlord  
  35  4:10  Drone x2  
  36  4:22  Queen  
  37  4:28  Zergling x8  
  37  4:30  Baneling  
  41  4:31  Baneling  
  41  4:32  Baneling  
  41  4:34  Baneling  
  40  4:39  Drone  
  40  4:42  Drone x2  
  43  4:50  Drone  
  43  4:52  Overlord  
  43  4:56  Baneling x3  
  43  5:03  Overlord  
  43  5:11  Extractor, Drone  
  43  5:12  Drone x4  
  47  5:16  Overlord  
  46  5:23  Drone x3  
  49  5:31  Drone  
  49  5:35  Lair  
  50  5:36  Drone x2  
  50  5:38  Drone  
  50  5:39  Drone  
  50  5:42  Drone  
  54  5:45  Extractor x2  
  54  5:48  Drone x2  
  54  5:56  Drone x3  
  56  6:02  Roach Warren  
  55  6:09  Drone x3  
  58  6:12  Zergling x8  
  58  6:29  Zergling x2  
  58  6:30  Zergling x6  
  61  6:35  Spire  
  59  6:40  Zergling x14  
  59  6:41  Baneling x2  
  64  6:50  Hatchery  
  64  6:54  Overlord  
  60  7:02  Overlord  
  60  7:18  Roach x7  
  74  7:24  Overlord  
  74  7:25  Queen  
  75  7:36  Overlord  
  75  7:49  Mutalisk  
  75  7:50  Mutalisk x6  
  88  7:58  Zerg Flyer Weapons Level 1  
  88  8:01  Drone x4  
  88  8:05  Evolution Chamber  
  91  8:06  Drone  
  91  8:07  Drone  
  93  8:17  Drone x6  
  99  8:24  Drone x3  
  102  8:28  Overlord  
  102  8:33  Overlord  
  102  8:35  Zerg Missile Weapons Level 1  
  102  8:36  Overseer  
  102  8:37  Overlord  
  102  8:40  Extractor, Roach  
  103  8:46  Overlord  
  103  8:54  Roach  
  103  8:55  Roach x5  
  114  8:58  Roach x2  
  114  9:01  Roach x2  
  122  9:09  Roach x4  
  130  9:19  Overlord x2  
  130  9:21  Overlord  
  130  9:32  Overlord  
  130  9:33  Overlord  
  130  9:41  Roach x8  
  130  9:44  Ravager x2  
  130  9:45  Ravager  
  138  9:49  Roach x3  
  138  9:58  Roach x4  
  137  10:02  Glial Reconstitution  
  135  10:27  Hatchery x2  
  133  10:31  Ravager x3  
  133  10:32  Ravager x2  
  138  10:40  Ravager x2  
  140  10:56  Roach x4  
  140  10:57  Roach  
  150  10:59  Overseer  
  150  11:07  Overlord  
  150  11:12  Roach  
  150  11:20  Roach x3  
  156  11:29  Roach  
  156  11:33  Roach  
  152  11:43  Roach x2  
  156  11:51  Roach x5  
  164  11:55  Roach  
  164  11:58  Queen  
  168  12:11  Roach  
  168  12:13  Overlord, Zerg Missile Weapons Level 2  
  168  12:15  Overlord, Overseer  
  170  12:21  Overlord x2  
  170  12:35  Roach x6  
  182  12:38  Ravager x2  
  182  12:44  Pneumatized Carapace  
  178  12:55  Roach x7  
  184  13:00  Drone x3  
  184  13:03  Burrow  
  185  13:12  Evolution Chamber  
  184  13:14  Roach x3  
  149  13:27  Roach x6  
  149  13:31  Roach  
  131  13:37  Roach x3  
  131  13:40  Ravager x3  
  140  13:46  Roach x2  
  141  13:51  Roach x3  
  147  13:57  Roach x2  
  147  14:01  Roach x2  
  155  14:06  Roach x2  
  159  14:15  Roach x33, Hatchery  
  158  14:19  Roach  
  158  14:21  Ravager x3  
  163  14:28  Roach x3  
  163  14:29  Roach  
  159  14:40  Roach x5  
  159  14:41  Roach  
  159  14:44  Roach  
  159  14:45  Roach  
  153  14:49  Roach  
Show
View Real Time Build Order
Export as new Build Order

soO Zerg 

Build Orders: Pool First 

Get SALT Encoding   

  12  0:01  Drone  
  13  0:15  Extractor  
  12  0:23  Spawning Pool  
  12  0:28  Drone  
  12  0:33  Drone  
  13  0:37  Drone  
  14  0:50  Overlord  
  14  1:10  Queen, Zergling x2  
  17  1:17  Metabolic Boost  
  17  1:21  Zergling x2  
  18  1:27  Zergling x2  
  18  1:30  Zergling x2  
  20  1:37  Zergling x2  
  21  1:44  Overlord  
  21  1:56  Zergling x2  
  22  2:06  Zergling x2  
  23  2:18  Zergling x2  
  23  2:20  Zergling x6  
  27  2:29  Hatchery  
  26  2:34  Zergling x2  
  27  2:41  Overlord  
  27  2:55  Queen  
  29  2:58  Zergling x2  
  29  3:00  Zergling x2  
  29  3:01  Zergling x2  
  27  3:19  Zergling x2  
  25  3:25  Zergling x6  
  26  3:38  Drone  
  27  3:41  Drone  
  27  3:45  Drone  
  29  3:52  Drone  
  29  3:55  Drone  
  30  4:03  Drone x3  
  30  4:04  Drone  
  34  4:12  Baneling Nest  
  33  4:17  Zergling x6  
  33  4:21  Drone x2  
  38  4:29  Spore Crawler  
  37  4:32  Drone x3  
  39  4:39  Drone  
  39  4:40  Drone  
  39  4:43  Zergling x2  
  42  4:49  Overlord  
  42  4:52  Drone  
  43  4:58  Baneling x2  
  43  5:05  Baneling x2  
  43  5:08  Drone x2  
  43  5:10  Drone x3  
  43  5:11  Drone  
  46  5:23  Drone x4  
  46  5:26  Drone x2  
  50  5:30  Drone  
  51  5:38  Lair  
  51  5:42  Evolution Chamber, Overlord  
  45  5:47  Extractor x2  
  43  5:51  Drone  
  43  5:54  Overlord  
  43  6:00  Roach Warren  
  43  6:01  Zergling x2  
  43  6:02  Drone x3  
  46  6:06  Drone  
  47  6:12  Drone  
  47  6:16  Zergling x6  
  50  6:20  Zergling x4  
  51  6:26  Zergling x2  
  51  6:27  Zergling x4  
  52  6:36  Zerg Missile Weapons Level 1  
  52  6:37  Zergling x4  
  52  6:38  Baneling x2  
  54  6:40  Baneling x2, Glial Reconstitution  
  54  6:42  Queen  
  54  6:46  Roach x2  
  59  7:02  Overlord  
  59  7:08  Overlord  
  59  7:18  Overlord  
  59  7:20  Queen x2  
  63  7:23  Roach  
  63  7:24  Roach  
  65  7:33  Roach x5  
  74  7:37  Roach x2  
  74  7:43  Roach x2  
  82  7:45  Overseer  
  82  7:56  Hatchery  
  82  7:57  Roach  
  83  8:06  Overlord  
  83  8:07  Overlord  
  83  8:15  Queen  
  83  8:18  Queen  
  82  8:21  Drone  
  82  8:22  Drone, Spore Crawler  
  82  8:23  Spore Crawler  
  82  8:25  Drone  
  82  8:26  Drone  
  84  8:28  Drone  
  84  8:32  Drone  
  86  8:34  Nydus Network  
  86  8:36  Roach x5  
  86  8:40  Overlord  
  95  8:43  Overlord  
  95  8:53  Overlord  
  96  8:55  Hatchery  
  96  8:58  Queen  
  96  8:59  Queen  
  99  9:11  Nydus Canal  
  99  9:14  Roach x4  
  106  9:26  Roach  
  106  9:27  Roach x4  
  116  9:36  Overlord  
  115  9:38  Queen x2  
  115  9:40  Overlord  
  115  9:45  Overlord  
  116  9:48  Overlord  
  116  9:51  Drone x2  
  105  9:55  Roach  
  105  9:59  Roach x2  
  97  10:11  Roach x3  
  97  10:13  Roach  
  89  10:19  Zerg Missile Weapons Level 2  
  87  10:26  Ravager x2  
  89  10:37  Drone x3  
  92  10:44  Hatchery  
  92  10:48  Overseer  
  92  10:49  Roach x3  
  97  10:52  Ravager x3  
  97  10:53  Ravager  
  101  10:59  Overlord  
  99  11:12  Roach x6  
  111  11:22  Roach x3  
  117  11:26  Overlord  
  117  11:30  Drone x2  
  119  11:35  Overseer  
  117  11:49  Nydus Canal  
  117  11:51  Roach  
  117  11:52  Roach x4  
  127  11:58  Roach x2  
  131  12:10  Roach x3  
  134  12:18  Roach  
  134  12:19  Roach  
  134  12:30  Nydus Canal  
  134  12:32  Roach x2  
  134  12:35  Roach  
  138  12:43  Hatchery  
  129  12:57  Roach x2  
  123  13:05  Roach Warren  
  92  13:43  Nydus Canal  
  92  13:47  Roach x14  
  120  13:48  Hatchery  
  120  13:53  Roach x2  
  127  14:02  Roach  
  127  14:03  Roach  
  127  14:10  Roach x2  
  127  14:12  Nydus Canal  
  133  14:17  Roach  
  133  14:20  Roach  
  133  14:22  Roach  
  137  14:38  Roach x4  
  128  14:42  Roach  
Tags
 
Add a new tag
Caveats
  • Supply blocks, unpowered buildings, or Contaminate may cause inaccurate times.
  • Supply counts are checked every 10 seconds.